AoeStats
← Boustos13

Arena

510512187Analyzed
4v4 RM · 1d ago on Oct 1, 2026· 41m 34s· 8 players
Game mode
Random Map
Map size
Large (8 player)
Population
200
Speed
Normal
Resources
Standard
Victory
Conquest
Starting age
Dark Age
Ending age
Imperial Age
RankedLock teamsTeams togetherTeam positionsShared explorationLock speedFull tech treeHidden civsTurbo modeCheats
Victory
Defeat
🇲🇽 Persians · Mexico
857
+6
🇨🇳 Spanish · China
812
+7
🇻🇳 Persians · Vietnam
598
+15
🇲🇽 Britons · Mexico
519
+18
🇵🇹 Byzantines · Portugal
650
-14
🇵🇱 Persians · Poland
648
-14
🇫🇷 Teutons · France
545
-10
🇮🇩 Sicilians · Indonesia
500
-8
andi001126
0:33 Loom
12:49 Feudal Age
22:36 Horse Collar
29:05 Castle Age
30:17 Scale Mail Armor
30:28 Forging
30:59 Double-Bit Axe
37:35 Imperial Age
38:18 Heavy Plow
38:14 Gold Mining
ANCORA
12:49 Feudal Age
13:48 Double-Bit Axe
13:45 Horse Collar
13:58 Gold Mining
16:59 Stone Mining
18:24 Wheelbarrow
17:38 Loom
22:22 Castle Age
23:51 Bow Saw
23:43 Heavy Plow
25:00 Hand Cart
28:02 Forging
27:57 Scale Barding Armor
30:31 Imperial Age
29:02 Gold Shaft Mining
29:03 Stone Shaft Mining
30:48 Ballistics
31:01 Chain Barding Armor
31:17 Iron Casting
32:59 Plate Barding Armor
36:06 Chemistry
36:02 Elite Cataphract
Boustos13
0:36 Loom
16:07 Feudal Age
16:34 Man-at-Arms
23:19 Castle Age
23:30 Wheelbarrow
22:41 Town Watch
30:08 Imperial Age
31:07 Elite Teutonic Knight
ZigzagSinger667
12:10 Feudal Age
17:47 Castle Age
26:42 Horse Collar
26:49 Double-Bit Axe
26:57 Stone Mining
27:00 Gold Mining
30:07 Pikeman
32:31 Scale Barding Armor
32:26 Scale Mail Armor
32:37 Forging
36:55 Stone Shaft Mining
36:58 Gold Shaft Mining
36:26 Heavy Plow
36:40 Bow Saw
41:07 Chain Barding Armor
41:02 Chain Mail Armor
41:23 Iron Casting
40:38 Fletching
40:49 Padded Archer Armor
該死的安倍晉三
0:36 Loom
12:01 Feudal Age
13:22 Wheelbarrow
12:30 Horse Collar
12:38 Double-Bit Axe
19:57 Castle Age
17:50 Stone Mining
22:36 Stone Shaft Mining
22:57 Ballistics
23:44 Hand Cart
25:47 Bow Saw
25:40 Heavy Plow
26:07 Inquisition
26:09 Gold Mining
26:50 Fletching
33:36 Imperial Age
34:42 Conscription
33:44 Elite Conquistador
35:45 Bodkin Arrow
35:50 Padded Archer Armor
36:53 Chemistry
38:34 Thumb Ring
39:12 Bracer
39:28 Leather Archer Armor
GURU
0:55 Loom
10:18 Feudal Age
11:07 Double-Bit Axe
12:01 Wheelbarrow
12:31 Horse Collar
18:25 Castle Age
17:17 Gold Mining
17:56 Stone Mining
19:12 Bow Saw
21:56 Husbandry
24:44 Town Watch
32:41 Imperial Age
31:20 Scale Barding Armor
33:13 Chain Barding Armor
33:12 Cavalier
34:47 Conscription
36:29 Heavy Plow
37:36 Forging
40:45 Crop Rotation
40:53 Plate Barding Armor
Long
9:36 Feudal Age
11:06 Loom
17:37 Castle Age
16:26 Double-Bit Axe
16:46 Horse Collar
18:28 Bow Saw
22:53 Heavy Plow
23:54 Gold Mining
23:57 Stone Mining
26:19 Bloodlines
26:10 Husbandry
29:47 Imperial Age
29:21 Wheelbarrow
30:17 Gold Shaft Mining
30:20 Stone Shaft Mining
29:59 Forging
29:54 Scale Barding Armor
31:32 Conscription
32:41 Ballistics
32:32 Masonry
32:30 Elite War Elephant
34:07 Hand Cart
35:55 Hoardings
36:21 Crop Rotation
37:38 Two-Man Saw
36:38 Town Watch
37:41 Iron Casting
37:26 Chain Barding Armor
37:42 Town Patrol
38:56 Squires
38:23 Pikeman
40:36 Architecture
41:08 Chemistry
42:58 Blast Furnace
42:33 Plate Barding Armor
42:00 Scale Mail Armor
Tosko9760
0:33 Loom
9:59 Feudal Age
11:37 Wheelbarrow
10:52 Double-Bit Axe
12:22 Horse Collar
13:07 Town Watch
21:24 Castle Age
19:23 Gold Mining
19:36 Stone Mining
23:32 Gold Shaft Mining
23:01 Heavy Plow
23:16 Bow Saw
23:41 Town Patrol
24:22 Fletching
25:20 Treadmill Crane
25:51 Fortified Wall
25:38 Murder Holes
28:44 Crossbowman
28:47 Elite Skirmisher
28:50 Pikeman
29:31 Squires
29:20 Arson
29:39 Husbandry
28:59 Light Cavalry
30:05 Hand Cart
36:30 Imperial Age
34:06 Town Patrol
34:37 Bodkin Arrow
34:52 Forging
34:44 Scale Mail Armor
34:50 Scale Barding Armor
34:47 Padded Archer Armor
36:35 Cavalier
37:45 Conscription
38:14 Halberdier
41:33 Conscription
41:36 Yeomen
Connection lost

Rejoining the realm…

Still unreachable

The connection could not be restored.

Session expired

The server has moved on; the page needs a fresh start.